MLB
NEW YORK YANKEES @ COLORADO ROCKIES
04/05/2030
 
TOP OF THE 1ST
New York Yankees batting - Pitching for Colorado Rockies : RHP Jeff Duke
Pitching: RHP Jeff Duke
Batting: LHB Juan Contreras 0-0: Ball
1-0: Ball
2-0: SOLO HOME RUN (Flyball, 78XD, EV 106.3 MPH), Distance : 410 ft
Batting: RHB Noelvi Marte 0-0: Swinging Strike
0-1: Ground out 6-3 (Groundball, 6, EV 86.9 MPH)
Batting: LHB Curt Keller 0-0: Ball
1-0: Swinging Strike
1-1: Ball
2-1: Ball
3-1: Ground out 4-3 (Groundball, 4, EV 86.9 MPH)
Batting: RHB Curt Pugh 0-0: Foul Ball, location: 2F
0-1: Ball
1-1: Swinging Strike
1-2: Ball
2-2: Ball
3-2: Foul Ball, location: 2F
3-2: Foul Ball, location: 25F
3-2: Foul Ball, location: 9LMF
3-2: Fly out, F7 (Flyball, 7D, EV 101.3 MPH)
Top of the 1st over - 1 run, 1 hit, 0 errors, 0 left on base; New York 1 - Colorado 0
BOTTOM OF THE 1ST
Colorado Rockies batting - Pitching for New York Yankees : RHP Garrett Stallings
Pitching: RHP Garrett Stallings
Batting: LHB Kyle Tucker 0-0: Called Strike
0-1: Foul Ball, location: 3FF
0-2: Ball
1-2: SINGLE (Groundball, 4MD, EV 96.9 MPH)
Batting: RHB Steve Guiter 0-0: Ball
1-0: Called Strike
1-1: Called Strike
1-2: Ball
2-2: Ball
3-2: Strikes out swinging
Kyle Tucker is caught stealing 2nd base 2-4
Batter strikes out.
Batting: LHB Yeancarlos Martin 0-0: Fly out, F9 (Flyball, 9S, EV 83.1 MPH)
Bottom of the 1st over - 0 runs, 1 hit, 0 errors, 0 left on base; New York 1 - Colorado 0
TOP OF THE 2ND
New York Yankees batting - Pitching for Colorado Rockies : RHP Jeff Duke
Batting: RHB Spencer Torkelson 0-0: Ball
1-0: DOUBLE (Line Drive, 8LXD, EV 101.3 MPH)
Batting: LHB Jeremy Choate 0-0: Ball
1-0: Foul Ball, location: 7LDF
1-1: Fly out, F7 (Line Drive, 78M, EV 91.9 MPH)
Batting: RHB Ha-seong Kim 0-0: Foul Ball, location: 2F
0-1: Ball
1-1: Ball
2-1: DOUBLE (Line Drive, 78D, EV 103.8 MPH)
Spencer Torkelson scores
Batting: LHB Pete Crow-Armstrong 0-0: Called Strike
0-1: Foul Ball, location: 25FF
0-2: Ball
1-2: Ball
2-2: Ball
3-2: Foul Ball, location: 25FF
3-2: DOUBLE (Line Drive, 89D, EV 103.1 MPH)
Ha-seong Kim scores
Batting: RHB Jaime Anderson 0-0: Called Strike
0-1: Foul Ball, location: 7LSF
0-2: Ball
1-2: Ball
2-2: Ball
3-2: Base on Balls
Batting: LHB Juan Contreras 0-0: Called Strike
0-1: Ball
1-1: Reached on error, E4 (Groundball, 34, EV 105.0 MPH)
Pete Crow-Armstrong to third
Jaime Anderson to second
Batting: RHB Noelvi Marte 0-0: Fly out, F7 (Flyball, 7D, EV 104.4 MPH)
Runner from 3rd tags up, SCORES, throw by LF
Batting: LHB Curt Keller 0-0: Foul Ball, location: 2F
0-1: Ball
1-1: Ball
2-1: Swinging Strike
2-2: Ball
3-2: Strikes out looking
Top of the 2nd over - 3 runs, 3 hits, 1 error, 2 left on base; New York 4 - Colorado 0
BOTTOM OF THE 2ND
Colorado Rockies batting - Pitching for New York Yankees : RHP Garrett Stallings
Batting: RHB Sean Graham 0-0: Ball
1-0: Ball
2-0: Swinging Strike
2-1: Ball
3-1: Foul Ball, location: 2F
3-2: DOUBLE (Line Drive, 7LM, EV 108.8 MPH)
Batting: LHB Jeff Ibarra 0-0: Swinging Strike
0-1: Ball
1-1: Ball
2-1: Called Strike
2-2: SINGLE (Groundball, 34D, EV 106.3 MPH)
Sean Graham to third
Batting: RHB Javy Navarro 0-0: Ball
1-0: Ball
Wild Pitch!
Sean Graham scores
Jeff Ibarra to second
2-0: Ball
3-0: SINGLE (Groundball, 6, EV 90.6 MPH) (infield hit)
Jeff Ibarra to third
Batting: RHB Jose Vazquez 0-0: Foul Ball, location: 2F
0-1: Ball
1-1: Swinging Strike
1-2: Grounds into double play, 6-4-3 (Groundball, 6, EV 87.5 MPH)
Jeff Ibarra scores
Batting: RHB Matt Chapman 0-0: Ball
1-0: SINGLE (Line Drive, 4MD, EV 100.6 MPH)
Batting: RHB Josh Aldridge 0-0: Ball
1-0: Called Strike
1-1: Fly out, F4 (Popup, 13, EV 81.3 MPH)
Bottom of the 2nd over - 2 runs, 4 hits, 0 errors, 1 left on base; New York 4 - Colorado 2
TOP OF THE 3RD
New York Yankees batting - Pitching for Colorado Rockies : RHP Jeff Duke
Batting: RHB Curt Pugh 0-0: Ball
1-0: Ball
2-0: Ball
3-0: Base on Balls
Batting: RHB Spencer Torkelson 0-0: Ball
1-0: Called Strike
1-1: Foul Ball, location: 5DF
1-2: Foul Ball, location: 7LMF
1-2: Fly out, F7 (Flyball, 7D, EV 104.4 MPH)
Batting: LHB Jeremy Choate 0-0: Called Strike
0-1: Ball
1-1: Swinging Strike
1-2: Strikes out swinging
Batting: RHB Ha-seong Kim 0-0: Called Strike
0-1: Ball
1-1: Ball
2-1: Ball
3-1: Fielders Choice at 2nd, 5-4 (Groundball, 5, EV 80.6 MPH)
Top of the 3rd over - 0 runs, 0 hits, 0 errors, 1 left on base; New York 4 - Colorado 2
BOTTOM OF THE 3RD
Colorado Rockies batting - Pitching for New York Yankees : RHP Garrett Stallings
Batting: LHB Kyle Tucker 0-0: Foul Ball, location: 7LSF
0-1: Ball
1-1: Foul Ball, location: 2F
1-2: Strikes out swinging
Batting: RHB Steve Guiter 0-0: Called Strike
0-1: Foul Ball, location: 2F
0-2: Ball
1-2: SOLO HOME RUN (Flyball, 89XD, EV 104.4 MPH), Distance : 397 ft
Batting: LHB Yeancarlos Martin 0-0: Swinging Strike
0-1: Ball
1-1: Swinging Strike
1-2: Ball
2-2: Foul Ball, location: 23F
2-2: Ground out U3 (Groundball, 3, EV 90.6 MPH)
Batting: RHB Sean Graham 0-0: Ball
1-0: Foul Ball, location: 2F
1-1: SINGLE (Groundball, 56D, EV 105.6 MPH)
Batting: LHB Jeff Ibarra 0-0: Called Strike
0-1: SINGLE (Groundball, 13, EV 85.0 MPH) (infield hit)
Sean Graham to second
Batting: RHB Javy Navarro 0-0: Ground out 5-3 (Groundball, 56S, EV 71.3 MPH)
Bottom of the 3rd over - 1 run, 3 hits, 0 errors, 2 left on base; New York 4 - Colorado 3
TOP OF THE 4TH
New York Yankees batting - Pitching for Colorado Rockies : RHP Jeff Duke
Batting: LHB Pete Crow-Armstrong 0-0: Called Strike
0-1: Foul Ball, location: 25FF
0-2: SINGLE (Line Drive, 9S, EV 89.4 MPH)
Batting: RHB Jaime Anderson 0-0: Bunted foul
0-1: Bunt missed!
0-2: Foul Ball, location: 5DF
0-2: Ball
1-2: Foul Ball, location: 7LMFF
1-2: Foul Ball, location: 25FF
1-2: Ball
2-2: Ball
3-2: Foul Ball, location: 9LDF
3-2: Foul Ball, location: 2F
3-2: Strikes out swinging
Pete Crow-Armstrong steals 2nd base
Batter strikes out.
Batting: LHB Juan Contreras 0-0: Ball
1-0: Ball
2-0: Ball
3-0: Called Strike
3-1: Ground out 4-3 (Groundball, 4M, EV 93.1 MPH)
Pete Crow-Armstrong to third
Batting: RHB Noelvi Marte 0-0: Ball
1-0: Ball
2-0: Ball
3-0: Base on Balls
Batting: LHB Curt Keller 0-0: Called Strike
0-1: Ball
1-1: Ground out 4-3 (Groundball, 34S, EV 80.6 MPH)
Top of the 4th over - 0 runs, 1 hit, 0 errors, 2 left on base; New York 4 - Colorado 3
BOTTOM OF THE 4TH
Colorado Rockies batting - Pitching for New York Yankees : RHP Garrett Stallings
Batting: RHB Jose Vazquez 0-0: Ball
1-0: Foul Ball, location: 2F
1-1: Swinging Strike
1-2: Ball
2-2: Ball
3-2: SOLO HOME RUN (Flyball, 7D, EV 97.5 MPH), Distance : 390 ft
Batting: RHB Matt Chapman 0-0: Ball
1-0: Foul Ball, location: 5DF
1-1: Ball
2-1: Ground out 5-3 (Groundball, 56, EV 108.8 MPH)
Batting: RHB Josh Aldridge 0-0: Ball
1-0: Ball
2-0: Fly out, F8 (Flyball, 89XD, EV 90.0 MPH)
Batting: LHB Kyle Tucker 0-0: Called Strike
0-1: Fly out, F9 (Flyball, 9S, EV 87.5 MPH)
Bottom of the 4th over - 1 run, 1 hit, 0 errors, 0 left on base; New York 4 - Colorado 4
TOP OF THE 5TH
New York Yankees batting - Pitching for Colorado Rockies : RHP Jeff Duke
Batting: RHB Curt Pugh 0-0: SINGLE (Groundball, 4D, EV 100.6 MPH)
Pitching: RHP Jim Dixon
Batting: RHB Spencer Torkelson 0-0: Foul Ball, location: 2F
0-1: Foul Ball, location: 3F
0-2: Strikes out swinging
Batting: LHB Jeremy Choate 0-0: Ball
1-0: Ball
2-0: Called Strike
2-1: Ball
3-1: Grounds into double play, U3-6 (Groundball, 3L, EV 89.4 MPH)
Top of the 5th over - 0 runs, 1 hit, 0 errors, 0 left on base; New York 4 - Colorado 4
BOTTOM OF THE 5TH
Colorado Rockies batting - Pitching for New York Yankees : RHP Garrett Stallings
Batting: RHB Steve Guiter 0-0: Swinging Strike
0-1: Swinging Strike
0-2: Ball
1-2: Ball
2-2: Strikes out swinging
Batting: LHB Yeancarlos Martin 0-0: Called Strike
0-1: Ball
1-1: Foul Ball, location: 2F
1-2: SINGLE (Line Drive, 8LS, EV 91.9 MPH)
Batting: RHB Sean Graham 0-0: Grounds into double play, 5-4-3 (Groundball, 5L, EV 86.3 MPH)
Bottom of the 5th over - 0 runs, 1 hit, 0 errors, 0 left on base; New York 4 - Colorado 4
TOP OF THE 6TH
New York Yankees batting - Pitching for Colorado Rockies : RHP Jim Dixon
Batting: RHB Ha-seong Kim 0-0: Ball
1-0: Called Strike
1-1: Foul Ball, location: 2F
1-2: Ball
2-2: Foul Ball, location: 9LMF
2-2: Ball
3-2: Ground out 5-3 (Groundball, 5L, EV 103.8 MPH)
Batting: LHB Pete Crow-Armstrong 0-0: Ground out 6-3 (Groundball, 4M, EV 106.9 MPH)
Batting: RHB Jaime Anderson 0-0: Bunt for hit to 3S - play at first, batter safe!
Batting: LHB Juan Contreras 0-0: Called Strike
0-1: Ball
1-1: Fly out, F7 (Flyball, 78S, EV 96.9 MPH)
Top of the 6th over - 0 runs, 1 hit, 0 errors, 1 left on base; New York 4 - Colorado 4
BOTTOM OF THE 6TH
Colorado Rockies batting - Pitching for New York Yankees : RHP Garrett Stallings
Batting: LHB Jeff Ibarra 0-0: Called Strike
0-1: Ground out U3 (Groundball, 34, EV 79.4 MPH)
Batting: RHB Javy Navarro 0-0: Foul Ball, location: 2F
0-1: SINGLE (Groundball, 4MD, EV 100.6 MPH)
Pitching: RHP Jose Oca
Batting: RHB Jose Vazquez 0-0: Fly out, F8 (Flyball, 8RXD, EV 108.1 MPH)
Batting: RHB Matt Chapman 0-0: Called Strike
0-1: Swinging Strike
0-2: Fly out, F5 (Line Drive, 5, EV 76.3 MPH)
Bottom of the 6th over - 0 runs, 1 hit, 0 errors, 1 left on base; New York 4 - Colorado 4
TOP OF THE 7TH
New York Yankees batting - Pitching for Colorado Rockies : RHP Jim Dixon
Pitching: RHP Mike Smeaton
Batting: RHB Noelvi Marte 0-0: Called Strike
0-1: Fly out, F8 (Line Drive, 8RM, EV 90.0 MPH)
Batting: LHB Curt Keller 0-0: Ball
1-0: Foul Ball, location: 2F
1-1: Called Strike
1-2: Foul Ball, location: 25F
1-2: Strikes out swinging
Batting: RHB Curt Pugh 0-0: Ball
1-0: Ball
2-0: Ball
3-0: Called Strike
3-1: Foul Ball, location: 9LSF
3-2: Base on Balls
Batting: RHB Spencer Torkelson 0-0: Ball
1-0: Ball
2-0: Foul Ball, location: 2F
2-1: Swinging Strike
2-2: Fly out, F7 (Flyball, 78S, EV 85.6 MPH)
Top of the 7th over - 0 runs, 0 hits, 0 errors, 1 left on base; New York 4 - Colorado 4
BOTTOM OF THE 7TH
Colorado Rockies batting - Pitching for New York Yankees : RHP Jose Oca
Batting: RHB Josh Aldridge 0-0: Ball
1-0: SINGLE (Groundball, 34D, EV 95.6 MPH)
Batting: LHB Kyle Tucker 0-0: Called Strike
0-1: Swinging Strike
0-2: Strikes out swinging
Batting: RHB Steve Guiter 0-0: Called Strike
0-1: Foul Ball, location: 2F
0-2: Strikes out swinging
Batting: LHB Yeancarlos Martin 0-0: Ball
1-0: Swinging Strike
1-1: Fielders Choice at 2nd, 6-5 (Groundball, 6M, EV 81.9 MPH)
Bottom of the 7th over - 0 runs, 1 hit, 0 errors, 1 left on base; New York 4 - Colorado 4
TOP OF THE 8TH
New York Yankees batting - Pitching for Colorado Rockies : RHP Mike Smeaton
Batting: LHB Jeremy Choate 0-0: Foul Ball, location: 2F
0-1: Foul Ball, location: 2F
0-2: Ball
1-2: Strikes out swinging
Batting: RHB Ha-seong Kim 0-0: Called Strike
0-1: Foul Ball, location: 3F
0-2: Foul Ball, location: 25F
0-2: Ball
1-2: Foul Ball, location: 25F
1-2: SINGLE (Line Drive, 6M, EV 95.0 MPH)
Pitching: RHP Ben Hernandez
Batting: LHB Pete Crow-Armstrong 0-0: DOUBLE (Line Drive, 9LM, EV 105.0 MPH)
Ha-seong Kim to third
Runner from 3rd tries for Home, SAFE, no throw by RF
Batting: RHB Jaime Anderson 0-0: Swinging Strike
0-1: Foul Ball, location: 2RF
0-2: Foul Ball, location: 2F
0-2: Ball
1-2: Fly out, F9 (Flyball, 89M, EV 88.8 MPH)
Batting: LHB Juan Contreras 0-0: 2-RUN HOME RUN (Flyball, 7D, EV 97.5 MPH), Distance : 383 ft
Batting: RHB Noelvi Marte 0-0: Ball
1-0: Ball
2-0: Called Strike
2-1: Ground out 6-3 (Groundball, 56, EV 102.5 MPH)
Top of the 8th over - 3 runs, 3 hits, 0 errors, 0 left on base; New York 7 - Colorado 4
BOTTOM OF THE 8TH
Colorado Rockies batting - Pitching for New York Yankees : RHP Jose Oca
Batting: RHB Sean Graham 0-0: Ball
1-0: Called Strike
1-1: Ball
2-1: Foul Ball, location: 5FF
2-2: Ball
3-2: Ground out 6-3 (Groundball, 56D, EV 100.6 MPH)
Batting: LHB Jeff Ibarra 0-0: Ball
1-0: Foul Ball, location: 7LSF
1-1: Called Strike
1-2: Ball
2-2: Foul Ball, location: 5F
2-2: Foul Ball, location: 3SF
2-2: Foul Ball, location: 3F
2-2: SOLO HOME RUN (Flyball, 7D, EV 102.5 MPH), Distance : 391 ft
Batting: RHB Javy Navarro 0-0: Fly out, F9 (Flyball, 9D, EV 103.8 MPH)
Batting: RHB Jose Vazquez 0-0: Called Strike
0-1: Fly out, F9 (Flyball, 9, EV 101.3 MPH)
Bottom of the 8th over - 1 run, 1 hit, 0 errors, 0 left on base; New York 7 - Colorado 5
TOP OF THE 9TH
New York Yankees batting - Pitching for Colorado Rockies : RHP Ben Hernandez
Batting: LHB Curt Keller 0-0: Ball
1-0: Foul Ball, location: 2F
1-1: Ball
2-1: Ball
3-1: Ground out 6-3 (Groundball, 4S, EV 65.6 MPH)
Batting: RHB Curt Pugh 0-0: Foul Ball, location: 2F
0-1: Ball
1-1: SINGLE (Flyball, 8RS, EV 92.5 MPH)
Batting: RHB Spencer Torkelson 0-0: Ball
Wild Pitch!
Curt Pugh to second
1-0: Intentional Walk
Batting: LHB Jeremy Choate 0-0: Called Strike
0-1: Ball
1-1: Ball
2-1: Foul Ball, location: 7LSF
2-2: Grounds into double play, 3-6-3 (Groundball, 34S, EV 76.9 MPH)
Top of the 9th over - 0 runs, 1 hit, 0 errors, 1 left on base; New York 7 - Colorado 5
BOTTOM OF THE 9TH
Colorado Rockies batting - Pitching for New York Yankees : RHP Jose Oca
Pitching: RHP Bobby Strange
Pinch Hitting: LHB Vinny Figueroa 0-0: Called Strike
0-1: Ball
1-1: Swinging Strike
1-2: Ball
2-2: Foul Ball, location: 7LDF
2-2: Ball
3-2: Fly out, F7 (Flyball, 78S, EV 91.3 MPH)
Batting: RHB Josh Aldridge 0-0: Ball
1-0: Fly out, F8 (Flyball, 8RD, EV 103.1 MPH)
Batting: LHB Kyle Tucker 0-0: Ball
1-0: TRIPLE (Flyball, 78XD, EV 101.3 MPH)
Batting: RHB Steve Guiter 0-0: Called Strike
0-1: Foul Ball, location: 2F
0-2: Strikes out swinging
Bottom of the 9th over - 0 runs, 1 hit, 0 errors, 1 left on base; New York 7 - Colorado 5
Monday, February 26th , 2024 - OOTP Baseball 24.7 Build 72